AoeStats
← Sir Rossy

Black Forest

504185743Analyzed
3v3 RM · 29d ago on Sep 4, 2026· 49m 12s· 6 players
Game mode
Random Map
Map size
Normal (6 player)
Population
200
Speed
Normal
Resources
Standard
Victory
Conquest
Starting age
Dark Age
Ending age
Imperial Age
RankedLock teamsTeams togetherTeam positionsShared explorationLock speedFull tech treeHidden civsTurbo modeCheats
Victory
Defeat
🇹🇷 Turks · Türkiye
917
+16
🇷🇺 Mongols · Russia
882
+17
🇩🇪 Persians · Germany
845
+19
🇦🇺 Ethiopians · Australia
958
-19
🇦🇺 Spanish · Australia
941
-19
🇦🇺 Mongols · Australia
843
-14
ForWorldPeace
11:53 Feudal Age
12:37 Double-Bit Axe
12:34 Horse Collar
13:56 Stone Mining
17:45 Wheelbarrow
18:09 Loom
20:57 Castle Age
19:42 Gold Mining
22:30 Heavy Plow
22:46 Bow Saw
28:31 Gold Shaft Mining
28:32 Stone Shaft Mining
29:20 Scale Mail Armor
29:11 Fletching
29:32 Forging
29:28 Scale Barding Armor
31:20 Caravan
33:10 Hand Cart
35:06 Stone Shaft Mining
37:05 Imperial Age
34:25 Town Watch
37:27 Chain Barding Armor
37:43 Iron Casting
37:04 Bodkin Arrow
37:09 Padded Archer Armor
37:08 Elite Mangudai
38:34 Drill
38:42 Town Patrol
39:00 Chain Mail Armor
38:18 Onager
38:19 Capped Ram
39:48 Husbandry
39:58 Bloodlines
39:18 Siege Ram
40:08 Bracer
41:08 Blast Furnace
40:36 Ballistics
40:13 Murder Holes
41:19 Chemistry
41:46 Siege Onager
nils.odenbach
10:40 Feudal Age
12:14 Loom
15:10 Castle Age
16:07 Double-Bit Axe
16:18 Horse Collar
17:37 Wheelbarrow
16:56 Stone Mining
21:29 Bow Saw
23:10 Hand Cart
23:36 Heavy Plow
26:48 Forging
26:45 Scale Barding Armor
31:04 Imperial Age
29:02 Gold Mining
29:53 Stone Shaft Mining
32:54 Two-Man Saw
32:27 Crop Rotation
31:23 Cavalier
32:09 Husbandry
32:20 Bloodlines
34:32 Iron Casting
34:17 Chain Barding Armor
36:34 Gold Shaft Mining
35:27 Savar
36:43 Town Watch
37:25 Conscription
37:19 Citadels
44:08 Blast Furnace
43:43 Plate Barding Armor
enverlife
4:20 Loom
14:05 Feudal Age
14:30 Horse Collar
20:15 Castle Age
19:17 Stone Mining
19:22 Gold Mining
20:10 Double-Bit Axe
21:31 Heavy Plow
21:44 Bow Saw
34:26 Imperial Age
32:38 Wheelbarrow
34:19 Gold Shaft Mining
34:54 Hand Cart
34:48 Elite Janissary
36:29 Padded Archer Armor
36:20 Fletching
36:35 Scale Barding Armor
40:09 Two-Man Saw
39:35 Chain Barding Armor
39:30 Leather Archer Armor
39:11 Bodkin Arrow
39:54 Bloodlines
40:47 Husbandry
40:07 Cavalier
42:43 Plate Barding Armor
42:10 Bracer
42:48 Ring Archer Armor
42:39 Caravan
43:09 Coinage
42:50 Guilds
43:16 Squires
44:02 Scale Mail Armor
44:13 Forging
47:00 Chain Mail Armor
Sir Rossy
0:28 Loom
15:26 Feudal Age
18:15 Double-Bit Axe
18:22 Horse Collar
19:39 Wheelbarrow
19:34 Town Watch
25:56 Castle Age
28:37 Stone Mining
29:25 Nomads
31:02 Fletching
34:43 Fortified Wall
36:58 Gold Mining
38:17 Ballistics
37:57 Bodkin Arrow
38:02 Padded Archer Armor
44:41 Imperial Age
42:30 Murder Holes
42:46 Masonry
44:00 Thumb Ring
44:14 Leather Archer Armor
44:11 Forging
44:15 Bloodlines
44:06 Husbandry
44:49 Elite Mangudai
45:55 Conscription
colorfulj
14:27 Feudal Age
15:52 Wheelbarrow
15:05 Double-Bit Axe
15:04 Horse Collar
20:57 Castle Age
22:03 Bow Saw
23:49 Caravan
25:28 Hand Cart
26:55 Heavy Plow
32:56 Imperial Age
30:41 Gold Mining
33:09 Forging
33:05 Scale Barding Armor
33:38 Cavalier
34:31 Bloodlines
34:24 Husbandry
34:48 Supremacy
34:49 Conscription
36:53 Iron Casting
36:39 Chain Barding Armor
36:30 Paladin
39:05 Two-Man Saw
40:19 Blast Furnace
39:55 Plate Barding Armor
Rossy-Coke
0:26 Loom
12:29 Feudal Age
13:08 Horse Collar
13:16 Double-Bit Axe
22:39 Castle Age
20:37 Stone Mining
23:58 Stone Shaft Mining
23:17 Gold Mining
23:32 Caravan
26:42 Bow Saw
31:28 Wheelbarrow
33:05 Hand Cart
33:56 Gold Shaft Mining
36:49 Imperial Age
37:40 Torsion Engines
38:02 Conscription
39:11 Heavy Scorpion
39:16 Capped Ram
40:38 Ballistics
41:27 Chemistry
43:26 Siege Engineers
Connection lost

Rejoining the realm…

Still unreachable

The connection could not be restored.

Session expired

The server has moved on; the page needs a fresh start.